Map: [ESL] Solaris

Players

Cure - Winner!

  • Race: Terran Terran
  • Spawn Location: 1:00

Oliveira

  • Race: Terran Terran
  • Spawn Location: 7:00

Event: IEM Katowice 2024

VOD

Have the link to the VOD?

Description

Time

  • Played on: Feb. 9, 2024, 6:18 a.m.
  • Length: 10:55

All games in this series

Show
View Real Time Build Order
Export as new Build Order

Cure Terran - Winner!

Build Orders: Cyclone Opening 

Get SALT Encoding   

  12  0:00  SCV  
  13  0:12  SCV  
  14  0:17  Supply Depot  
  14  0:24  SCV  
  15  0:38  SCV  
  15  0:40  Barracks  
  15  0:42  Refinery  
  16  0:50  SCV  
  16  0:52  Refinery  
  17  1:03  SCV  
  18  1:15  SCV  
  19  1:27  Orbital Command, Reaper  
  19  1:30  Supply Depot  
  20  1:41  Factory  
  20  1:53  SCV  
  21  1:59  Reaper  
  22  2:05  SCV  
  23  2:17  SCV  
  24  2:28  Cyclone  
  24  2:29  SCV  
  26  2:31  Command Center  
  26  2:40  Starport  
  26  2:43  SCV  
  27  2:44  Barracks Reactor  
  27  2:55  Supply Depot, SCV  
  28  3:02  Cyclone  
  30  3:07  SCV  
  31  3:16  Medivac  
  31  3:19  SCV  
  34  3:25  Refinery  
  34  3:30  Barracks Tech Lab  
  34  3:31  SCV  
  35  3:43  Orbital Command, SCV  
  36  3:51  Cyclone x2  
  36  3:55  SCV  
  41  4:02  Raven, Marine  
  44  4:04  Supply Depot  
  44  4:08  SCV  
  44  4:09  SCV  
  46  4:20  SCV  
  46  4:21  SCV  
  48  4:31  Cyclone x2  
  52  4:32  SCV  
  52  4:33  SCV  
  48  4:40  Raven  
  48  4:44  SCV  
  48  4:45  SCV  
  48  4:56  SCV  
  48  4:57  SCV  
  50  5:04  Cyclone x2, Marine  
  53  5:13  SCV x2  
  53  5:19  Command Center  
  53  5:20  Raven  
  53  5:24  Marine  
  53  5:25  Supply Depot, SCV x2, Refinery  
  53  5:27  Interference Matrix  
  56  5:37  Cyclone  
  56  5:40  SCV x2  
  60  5:43  Marine  
  60  5:47  Supply Depot  
  60  5:48  Supply Depot  
  61  5:52  SCV x2  
  61  5:55  Raven  
  64  6:02  Marine  
  65  6:05  SCV x2  
  65  6:11  Cyclone x2  
  71  6:17  SCV x2  
  60  6:29  SCV x2  
  62  6:32  Orbital Command  
  62  6:39  Starport Reactor, Stimpack, Marine  
  63  6:41  SCV x2  
  63  6:45  Cyclone x2  
  69  6:53  SCV x2  
  71  6:57  Marine  
  71  7:00  Orbital Command  
  72  7:01  Barracks  
  72  7:02  Barracks  
  72  7:05  SCV  
  72  7:06  SCV  
  74  7:08  Engineering Bay  
  74  7:09  Engineering Bay  
  74  7:15  Marine  
  74  7:19  SCV x2  
  77  7:26  Starport Reactor, Factory Tech Lab  
  77  7:31  SCV  
  77  7:33  SCV  
  77  7:34  Marine, SCV  
  81  7:38  Terran Infantry Weapons Level 1, Terran Infantry Armor Level 1  
  81  7:40  Barracks x2  
  81  7:43  SCV  
  82  7:44  Siege Tank  
  82  7:45  SCV  
  82  7:46  SCV  
  82  7:51  Supply Depot x2  
  87  7:52  Marine  
  87  7:55  SCV  
  87  7:56  Marine x2  
  87  7:58  SCV x2  
  93  7:59  Marine x2  
  93  8:02  Supply Depot  
  93  8:05  Medivac x2  
  99  8:07  SCV  
  99  8:10  SCV  
  99  8:11  Supply Depot  
  99  8:12  Supply Depot, Marine, SCV  
  103  8:19  SCV  
  104  8:20  Siege Tank, Sensor Tower  
  104  8:21  Marine x2  
  104  8:22  Marine x2  
  104  8:24  Combat Shield  
  111  8:30  Missile Turret, Marine  
  111  8:32  Barracks Reactor  
  108  8:35  Barracks Reactor, SCV x3  
  106  8:43  Marine x4  
  106  8:44  Medivac x2  
  106  8:47  Marine, Refinery  
  115  8:50  Refinery  
  115  8:53  Armory  
  115  9:00  Siege Tank  
  115  9:01  SCV x2, Marine x4  
  115  9:02  SCV  
  125  9:05  Marine  
  126  9:11  Marine x4  
  130  9:17  Supply Depot x2  
  130  9:19  Marine x4  
  130  9:22  Medivac x2  
  130  9:23  Marine  
  139  9:29  Marine x2  
  141  9:33  Missile Turret  
  141  9:38  Marine x6  
  141  9:39  Siege Tank  
  151  9:47  Marine x2  
  153  9:56  Marine x5  
  157  10:00  Factory, Supply Depot  
  157  10:02  Marine  
  157  10:04  Marine  
  157  10:05  Barracks Reactor  
  160  10:13  Command Center  
  160  10:14  Marine x4  
  163  10:21  Siege Tank  
  170  10:30  Marine x4  
  170  10:32  Marine x2  
Show
View Real Time Build Order
Export as new Build Order

Oliveira Terran 

Build Orders: Cyclone Opening 

Get SALT Encoding   

  12  0:00  SCV  
  13  0:12  SCV  
  14  0:17  Supply Depot  
  14  0:24  SCV  
  15  0:39  SCV  
  15  0:40  Barracks  
  16  0:43  Refinery  
  16  0:51  SCV  
  16  0:53  Refinery  
  17  1:03  SCV  
  18  1:15  SCV  
  19  1:28  Orbital Command, Reaper  
  19  1:30  Supply Depot  
  20  1:43  Factory  
  20  1:53  SCV  
  21  2:00  Reaper  
  22  2:05  SCV  
  23  2:18  Command Center  
  23  2:27  SCV  
  23  2:30  Cyclone  
  23  2:32  Barracks Reactor  
  25  2:40  SCV  
  26  2:45  Supply Depot  
  26  2:52  SCV  
  26  2:58  Starport  
  27  3:06  SCV  
  28  3:15  Cyclone x2  
  28  3:18  SCV  
  33  3:30  SCV  
  34  3:35  Medivac  
  35  3:42  SCV  
  35  3:43  Orbital Command  
  36  3:50  Marine  
  36  3:51  Marine  
  36  3:53  Factory Tech Lab  
  36  3:54  SCV  
  39  4:05  Liberator, Refinery  
  39  4:07  SCV  
  39  4:08  Marine x2, SCV  
  46  4:15  Supply Depot  
  46  4:19  SCV  
  46  4:20  SCV  
  46  4:23  Siege Tank  
  49  4:27  Marine  
  49  4:31  SCV  
  47  4:36  Marine  
  47  4:37  SCV  
  44  4:50  Starport Tech Lab  
  44  4:51  SCV  
  44  4:52  Marine, SCV  
  46  4:54  Marine  
  46  4:58  Siege Tank  
  49  5:04  SCV x2  
  49  5:10  Marine  
  49  5:13  Marine  
  50  5:15  Liberator  
  50  5:16  SCV  
  50  5:17  SCV  
  55  5:28  SCV, Marine  
  55  5:29  SCV  
  55  5:31  Supply Depot  
  55  5:35  Siege Tank  
  61  5:37  Marine  
  61  5:41  SCV  
  61  5:43  SCV  
  62  5:52  Marine  
  62  5:53  Supply Depot  
  62  5:56  SCV  
  64  6:00  Marine  
  64  6:02  SCV  
  66  6:10  Raven, Marine  
  68  6:12  Command Center  
  64  6:18  Marine  
  64  6:24  SCV x2  
  49  6:28  Marine  
  49  6:29  Barracks, Siege Tank  
  49  6:31  Barracks  
  53  6:36  SCV  
  53  6:37  SCV  
  53  6:39  Interference Matrix  
  55  6:43  Marine  
  55  6:44  Raven  
  58  6:47  Engineering Bay  
  58  6:48  SCV, Engineering Bay  
  58  6:49  SCV  
  60  7:00  SCV  
  61  7:01  Siege Tank, SCV  
  65  7:09  Barracks x2  
  65  7:13  SCV  
  66  7:16  Terran Infantry Weapons Level 1, Terran Infantry Armor Level 1  
  66  7:17  SCV  
  67  7:23  Refinery  
  67  7:25  Orbital Command, SCV  
  67  7:29  SCV, Marine  
  70  7:38  SCV  
  70  7:42  Factory Tech Lab  
  70  7:44  Stimpack, Marine  
  72  7:45  Starport Reactor, Marine x2  
  72  7:48  Combat Shield, SCV  
  72  7:49  Marine  
  76  7:53  Missile Turret  
  76  7:55  SCV, Supply Depot  
  76  7:57  Marine x2  
  79  7:59  Missile Turret  
  79  8:01  Siege Tank  
  79  8:03  Marine  
  83  8:07  SCV  
  83  8:08  Supply Depot, SCV  
  83  8:09  Marine  
  83  8:10  Marine  
  87  8:13  Orbital Command  
  87  8:16  Marine  
  88  8:21  Supply Depot  
  88  8:22  Marine x2  
  88  8:25  Marine  
  88  8:26  Supply Depot  
  91  8:27  Medivac  
  91  8:28  Medivac  
  91  8:32  Marine x2  
  100  8:34  Siege Tank  
  100  8:39  Marine  
  100  8:40  Marine x2  
  100  8:41  SCV  
  102  8:42  Marine, SCV  
  102  8:45  SCV  
  102  8:47  Armory  
  105  8:50  Marine  
  105  8:54  Marine  
  107  8:57  Marine  
  107  9:00  Marine x2  
  107  9:02  SCV x3  
  111  9:06  Supply Depot, Marine  
  111  9:07  Marine  
  113  9:12  Marine  
  113  9:13  Siege Tank  
  113  9:15  Marine  
  118  9:20  Marine  
  118  9:22  Marine  
  118  9:23  Medivac x2  
  124  9:25  Marine  
  124  9:28  Marine  
  124  9:31  Supply Depot, Refinery  
  126  9:33  Marine  
  127  9:42  Marine  
  127  9:45  SCV x2  
  130  9:46  Supply Depot  
  130  9:47  Marine x3  
  130  9:50  SCV  
  133  9:59  Marine  
  134  10:00  Siege Tank  
  134  10:02  Marine  
  134  10:06  Command Center  
  139  10:15  Sensor Tower, Marine  
  139  10:18  Barracks Reactor x2  
  139  10:19  Marine  
  140  10:21  SCV  
  140  10:22  SCV, Refinery  
  140  10:26  Missile Turret  
  140  10:28  Marine  
  143  10:30  Marine  
  143  10:33  Marine  

Tags
 
Add a new tag
Caveats
  • Supply blocks, unpowered buildings, or Contaminate may cause inaccurate times.
  • Supply counts are checked every 10 seconds.